AoeStats
← eyupfc

Arabia

510383167Analyzed
3v3 RM · 1d ago on Sep 30, 2026· 28m 11s· 6 players
Game mode
Random Map
Map size
Normal (6 player)
Population
200
Speed
Normal
Resources
Standard
Victory
Conquest
Starting age
Dark Age
Ending age
Imperial Age
RankedLock teamsTeams togetherTeam positionsShared explorationLock speedFull tech treeHidden civsTurbo modeCheats
Victory
Defeat
🇹🇷 Britons · Türkiye
1256
+11
🇹🇷 Persians · Türkiye
1198
+13
🇹🇷 Maya · Türkiye
1122
+17
🇺🇸 Ethiopians · United States
1179
-15
🇪🇸 Vikings · Spain
1153
-14
🇬🇧 Persians · United Kingdom
1087
-12
Bolea99
9:44 Feudal Age
8:18 Loom
10:30 Double-Bit Axe
10:16 Man-at-Arms
12:07 Forging
12:05 Horse Collar
18:56 Scale Barding Armor
22:03 Fletching
28:34 Castle Age
26:29 Gold Mining
chriswoolston
11:40 Feudal Age
13:09 Loom
16:06 Castle Age
14:03 Double-Bit Axe
14:39 Horse Collar
19:08 Scale Barding Armor
21:48 Bloodlines
24:35 Bow Saw
25:12 Elite Skirmisher
rafed123
8:43 Loom
11:35 Feudal Age
20:32 Double-Bit Axe
28:49 Castle Age
KingMoonborn
7:38 Loom
10:13 Feudal Age
11:40 Double-Bit Axe
14:24 Fletching
18:14 Horse Collar
20:36 Padded Archer Armor
20:37 Scale Mail Armor
22:01 Wheelbarrow
26:19 Castle Age
26:22 Crossbowman
27:00 Bodkin Arrow
27:20 Leather Archer Armor
27:43 Bow Saw
eyupfc
0:26 Loom
10:09 Feudal Age
10:14 Man-at-Arms
10:41 Double-Bit Axe
14:54 Arson
18:37 Fletching
22:59 Castle Age
21:19 Padded Archer Armor
21:56 Gold Mining
21:49 Horse Collar
23:05 Crossbowman
23:58 Bow Saw
23:47 Bodkin Arrow
25:16 Ballistics
25:59 Wheelbarrow
26:34 Leather Archer Armor
isik.cemil
4:42 Loom
9:25 Feudal Age
9:54 Double-Bit Axe
9:51 Horse Collar
21:11 Bloodlines
22:23 Scale Barding Armor
22:29 Forging
26:11 Castle Age
27:20 Bow Saw
27:11 Heavy Plow
27:35 Chain Barding Armor
27:50 Iron Casting
27:48 Husbandry
Connection lost

Rejoining the realm…

Still unreachable

The connection could not be restored.

Session expired

The server has moved on; the page needs a fresh start.